 Dungeon Crawl Stone Soup version 0.27-a0-1586-gd5c625afe7 (webtiles) character file.

Game seed: 8866755240162356319

2467 Lemonice the Blocker (level 9, -6/71 HPs)
             Began as a Formicid Abyssal Knight on July 18, 2021.
             Was a Believer of Lugonu.
             Mangled by a water moccasin (8 damage)
             ... on level 8 of the Dungeon.
             The game lasted 00:17:10 (11669 turns).

Lemonice the Blocker (Formicid Abyssal Knight)     Turns: 11669, Time: 00:17:11

Health: -6/71      AC:  8    Str: 20    XL:     9   Next: 80%
Magic:  4/4        EV:  8    Int: 12    God:    Lugonu [**....]
Gold:   331        SH: 18    Dex: 10    Spells: 8/8 levels left

rFire    + . .     SeeInvis +   A - +3 hand axe (antimagic)
rCold    + . .     Faith    .   e - +2 tower shield
rNeg     . . .     Spirit   .   g - +0 scale mail
rPois    +         Reflect  .   (helmet unavailable)
rElec    +         Harm     .   z - +0 cloak
rCorr    +         Rampage  .   (no gloves)
Will     .....                  (no boots)
Stlth    ..........             (no amulet)
HPRegen  0.21/turn              u - ring of flight
MPRegen  0.09/turn              (no ring)

@: brilliant, lethally poisoned (-6 -> -10), resistant, flying
A: permanent stasis, dig shafts and tunnels, antennae 3, four strong arms
a: Dig, Shaft Self, Renounce Religion, Depart the Abyss, Bend Space


You were on level 8 of the Dungeon.
You worshipped Lugonu.
Lugonu was pleased with you.
You visited 1 branch of the dungeon, and saw 8 of its levels.
You visited the Abyss 1 time.

You collected 331 gold pieces.

Inventory:

Hand Weapons
 a - a +2 hand axe
 x - a +0 war axe
 A - a +3 antimagic hand axe (weapon)
Armour
 b - a +0 leather armour
 e - a +2 tower shield (worn)
 g - a +0 scale mail (worn)
 j - a scarf of invisibility
 z - a +0 cloak (worn)
Jewellery
 u - a ring of flight (left hand)
Wands
 r - a wand of polymorph (5)
 y - a wand of flame (11)
Scrolls
 d - a scroll of teleportation {unknown}
 f - a scroll of brand weapon {unknown}
 i - a scroll of enchant weapon
 m - a scroll of acquirement {unknown}
 n - a scroll of fear {unknown}
 o - a scroll of vulnerability {unknown}
 p - 2 scrolls of noise
 q - a scroll of enchant armour {unknown}
 v - a scroll of amnesia {unknown}
Potions
 c - 2 potions of lignification
 h - a potion of attraction
 k - a potion of cancellation
 l - 2 potions of magic
 s - a potion of mutation
 t - a potion of brilliance


   Skills:
 + Level 6.5 Fighting
 + Level 5.4 Axes
 + Level 5.8 Armour
 - Level 1.1 Dodging
 * Level 8.6 Shields
 + Level 6.4 Invocations


You had 8 spell levels left.
You didn't know any spells.
Your spell library contained the following spells:

 Spells                   Type           Power      Damage    Failure   Level
 Pain                     Necr           0%         1d4       98%         1
 Slow                     Hex            0%         N/A       99%         2
 Confusing Touch          Hex            0%         N/A       100%        3
 Gell's Gravitas          Tloc           0%         N/A       100%        3
 Summon Guardian Golem    Hex/Summ       0%         N/A       100%        3
 Teleport Other           Tloc           0%         N/A       100%        3
 Agony                    Necr           0%         N/A       100%        5
 Excruciating Wounds      Necr           0%         N/A       100%        5
 Yara's Violent Unravell  Hex/Tmut       0%         3d3       100%        5
 Dispersal                Tloc           0%         N/A       100%        6
 Orb of Destruction       Conj           0%         N/A       100%        7
 Spellforged Servitor     Conj/Summ      0%         N/A       100%        7


Dungeon Overview and Level Annotations

Branches:
Dungeon (8/15)             Temple (0/1) D:6            Lair (0/6) D:8

Altars:
Qazlal

Shops:
D:3 (   D:7 =


Innate Abilities, Weirdness & Mutations

You cannot be hasted, slowed, berserked, paralysed or teleported.
You can dig through walls and to a lower floor.
You have a pair of large antennae on your head. (SInv)
Your four strong arms can wield two-handed weapons with a shield.


Message History

The water moccasin poisons you!
You slash the water moccasin!
The water moccasin is moderately wounded.
You feel very sick. You block the water moccasin's attack.
The water moccasin bites you.
You are more poisoned.
The water moccasin poisons you!
You miss the water moccasin.
The water moccasin is moderately wounded.
You feel extremely sick. You block the water moccasin's attack.
You barely miss the water moccasin.
The water moccasin is moderately wounded.
* * * LOW HITPOINT WARNING * * *
You feel very sick. The water moccasin bites you.
* * * LOW HITPOINT WARNING * * *
You block the water moccasin's attack.
It was a potion of brilliance.
You feel clever all of a sudden.
* * * LOW HITPOINT WARNING * * *
You feel very sick.
You block the water moccasin's attack. x2
Okay, then.
Space bends around you!
You blink.
* * * LOW HITPOINT WARNING * * *
You feel very sick.
It was a potion of magic.
Magic courses through your body.
* * * LOW HITPOINT WARNING * * *
You feel sick.
It was a potion of resistance.
You feel protected.
* * * LOW HITPOINT WARNING * * *
You feel sick.
As you read the scroll labelled PIROS QIMADGHAR, it crumbles to dust.
It is a scroll of enchant weapon.
Your +1 hand axe glows red for a moment.
* * * LOW HITPOINT WARNING * * *
You feel sick. The water moccasin bites you!
You die...

##.........##....[
#.......#####....#
#.......###.......
#<..........#.#.##
#.......######..#
#.......## #.##
#.....[..### #.#
#S.........###.###
#@................
########..........
#..........
#..........
#..........
###########


You could see a water moccasin.

Vanquished Creatures
  Grinder (D:3)
  A wyvern (D:7)
  A steam dragon (D:7)
  2 water moccasins
  2 orc warriors
  A black bear (D:7)
  A hornet zombie (D:7)
  An ogre (D:6)
  5 scorpions
  A water moccasin skeleton (D:5)
  5 wights (D:6)
  2 bullfrog zombies
  A jelly (D:5)
  4 hounds
  Crazy Yiuf (D:5)
  A bullfrog skeleton (D:4)
  5 orc wizards
  2 iguanas (D:6)
  A killer bee zombie (D:8)
  A hound zombie (D:5)
  A hound skeleton (D:5)
  8 adders
  7 gnolls
  A howler monkey skeleton (D:4)
  A white imp (D:5)
  An ufetubus (D:6)
  A worm (D:5)
  3 dart slugs
  14 orcs
  4 bats
  4 endoplasms
  5 giant cockroaches
  9 goblins
  2 hobgoblins
  3 jackals (D:2)
  7 quokkas
  2 ball pythons
  4 frilled lizards
  4 kobolds
  9 rats
129 creatures vanquished.

Vanquished Creatures (others)
  A bush (D:8)
  5 fungi (D:8)
  18 plants (D:8)
24 creatures vanquished.

Grand Total: 153 creatures vanquished

Notes
Turn   | Place    | Note
-------+----------+-------------------------------------------
     0 | Abyss:1  | Lemonice the Formicid Abyssal Knight began the quest for
                  | the Orb.
     0 | Abyss:1  | Reached XP level 1. HP: 18/18 MP: 2/2
    41 | Abyss:1  | Noticed a fire elemental
    44 | D:1      | Escaped the Abyss
   166 | D:1      | Reached skill level 1 in Dodging
   236 | D:1      | Reached * piety under Lugonu
   296 | D:1      | Reached XP level 2. HP: 20/24 MP: 3/3
   963 | D:1      | Reached XP level 3. HP: 23/29 MP: 4/4
  1215 | D:1      | Reached skill level 1 in Shields
  1460 | D:2      | Reached XP level 4. HP: 20/37 MP: 6/6
  2268 | D:3      | Found Wyus Xedgh's Antique Weapon Boutique.
  2369 | D:3      | Found a faded altar of an unknown god.
  2382 | D:3      | Reached skill level 2 in Shields
  2495 | D:3      | Noticed Grinder
  2529 | D:3      | Reached XP level 5. HP: 38/42 MP: 7/7
  2533 | D:3      | Killed Grinder
  2534 | D:3      | Reached skill level 3 in Shields
  2534 | D:3      | Reached XP level 6. HP: 46/49 MP: 8/8
  3002 | D:4      | Reached ** piety under Lugonu
  3284 | D:4      | Reached skill level 4 in Shields
  3404 | D:4      | Reached XP level 7. HP: 5/55 MP: 8/10
  4698 | D:5      | Entered Level 5 of the Dungeon
  5461 | D:5      | Reached skill level 5 in Shields
  6089 | D:5      | Found a runed translucent door.
  6090 | D:5      | Noticed Crazy Yiuf
  6101 | D:5      | Killed Crazy Yiuf
  6102 | D:5      | Reached XP level 8. HP: 19/61 MP: 11/11
  6537 | D:5      | Reached skill level 5 in Fighting
  7259 | D:5      | Found a stormy altar of Qazlal.
  7617 | D:6      | Reached skill level 6 in Shields
  7617 | D:6      | Reached skill level 5 in Invocations
  7797 | D:6      | Found a staircase to the Ecumenical Temple.
  7808 | D:5      | HP: 1/62 [water moccasin (7)]
  8636 | D:6      | Reached skill level 5 in Armour
  8636 | D:6      | Reached skill level 7 in Shields
  8636 | D:6      | Reached XP level 9. HP: 28/69 MP: 13/13
  9587 | D:7      | Found Pihitu's Jewellery Shop.
  9631 | D:7      | Reached *** piety under Lugonu
  9819 | D:7      | Reached skill level 5 in Axes
 10421 | D:7      | Reached skill level 8 in Shields
 11224 | D:8      | Found a staircase to the Lair.
 11668 | D:8      | HP: 3/71 [poisoned by a water moccasin]
 11669 | D:8      | Mangled by a water moccasin

Illustrated notes

Levels and vault maps discovered:
D:1:      dpeg_arrival_tiny_d, layout_loops_corners, minivault_14
D:2:      layout_loops_ring
D:3:      layout_loops_ring, basic_ecumenical_altar, serial_shops, shop,
          uniq_grinder
D:4:      layout_basic
D:5:      layout_layer_cave, nicolae_qazlal_eye_of_the_storm,
          minmay_tree_intersection, kennysheep_crisscross,
          uniq_crazy_yiuf_cottage
D:6:      layout_rooms, minmay_temple_entry_statues_pillars
D:7:      layout_basic, serial_shops, shop, minmay_hedge_maze
D:8:      layout_rooms, minmay_lair_entry_grove, uniq_maggie

Skill      XL: |  1  2  3  4  5  6  7  8  9 |
---------------+----------------------------+-----
Dodging        | 1 |  1.1
Shields        | 1 2 3 4 5 7 8 |  8.6
Invocations    | 3 4 5 6 |  6.4
Fighting       | 4 5 6 |  6.5
Axes           | 3 4 5 |  5.4
Armour         | 3 4 5 |  5.8

Action                   |  1- 3 |  4- 6 |  7- 9 || total
-------------------------+-------+-------+-------++-------
Melee: Hand axe          |   111 |    71 |   514 ||   696
       Unarmed           |       |    12 |       ||    12
Invok: Depart the Abyss  |     1 |       |       ||     1
       Bend Space        |       |       |    10 ||    10
       Banish            |       |       |     1 ||     1
  Use: Scroll            |       |     3 |     7 ||    10
       Potion            |       |       |    14 ||    14
 Stab: Sleeping          |     2 |       |       ||     2
Armor: Leather armour    |    35 |    20 |    44 ||    99
       Skin              |       |     4 |    28 ||    32
       Scale mail        |       |       |    39 ||    39
Dodge: Dodged            |    37 |    16 |   122 ||   175
Block: Tower shield      |    69 |    68 |   524 ||   661

Table legend: (Time is in decaauts)
 A = Elapsed time spent in this place.
 B = Non-inter-level travel time spent in this place.
 C = Inter-level travel time spent in this place.
 D = Time resting spent in this place.
 E = Time spent auto-exploring this place.
 F = Levels seen in this place.
 G = Mean time per level.
                   A        B        C        D        E       F      G
               +--------+--------+--------+--------+--------+-----+--------+
         Total |  11971 |  11307 |    664 |      0 |   9045 |   9 | 1330.1 |
       Dungeon |  11927 |  11263 |    664 |      0 |   9045 |   8 | 1490.9 |
         Abyss |     44 |     44 |      0 |      0 |      0 |   1 |   44.0 |
               +--------+--------+--------+--------+--------+-----+--------+

Top non-repeatable levels by time:
     D:5: 3173 daAuts
     D:4: 1872 daAuts
     D:7: 1768 daAuts
     D:1: 1337 daAuts
     D:6: 1328 daAuts
     D:3: 1265 daAuts
     D:2: 832 daAuts
     D:8: 348 daAuts
 Abyss:1: 44 daAuts
